 Dungeon Crawl Stone Soup version 0.32-a0-799-g95e1662365 (webtiles) character file.

Game seed: 4114902239563184274

25267 mmarios the Grappler (level 12, -14/130 HPs)
             Began as a Troll Berserker on Mar 21, 2024.
             Was a High Priest of Trog.
             Demolished by a jorogumo (19 damage)
             ... while paralysed by a jorogumo
             ... on level 2 of the Spider Nest.
             The game lasted 00:42:12 (10357 turns).

mmarios the Grappler (Troll Berserker)             Turns: 10357, Time: 00:42:13

Health: -14/130    AC: 15    Str: 30    XL:     12   Next: 88%
Magic:  0/11       EV:  1    Int: 10    God:    Trog [*****.]
Gold:   721        SH:  0    Dex: 11    Spells: 11/11 levels left

rFire   . .          .
                       - Unarmed
rCold   . . .        (no shield)
rNeg    . . .        q - +7 toga "Victory" {*Victory Int+7 Slay+7 Clar}
rPois   .            p - +0 hat
rElec   .            (no cloak)
rCorr   .            (gloves unavailable)
SInv    .            (boots unavailable)
Will    .....        h - amulet of guardian spirit
Stlth   +            a - +4 ring of slaying
HPRegen 1.21/turn    E - +4 ring of protection
MPRegen 0.12/turn

%: clarity, guardian spirit
@: paralysed, lethally poisoned (-14 -> -76), spiked, held, slowed
A: large, unfitting armour, claws 3, regeneration 1, shaggy fur 1, tough skin 1
a: Renounce Religion, Berserk, Trog's Hand, Brothers in Arms


You were on level 2 of the Spider Nest.
You worshipped Trog.
Trog was extremely pleased with you.
You visited 3 branches of the dungeon, and saw 15 of its levels.

You collected 721 gold pieces.

Inventory:

Hand Weapons
 d - a +0 sling
 C - a +2 dagger of holy wrath
 H - a +5 flail
 Q - a +2 antimagic war axe
 S - a +2 battleaxe of flaming
 Z - a +0 demon whip of venom
Missiles
 c - 119 stones (quivered)
 i - 17 poisoned darts
Armour
 o - a +0 troll leather armour
 p - a +0 hat (worn)
 q - the +7 toga "Victory" (worn) {*Victory Int+7 Slay+7 Clar}
   (You found it on level 3 of the Dungeon)

   *Victory:  When the wearer kills a threatening monster, it has a chance to
   gain +1 AC, +1 Slay, and +1 Int, capping at +7.
   When the wearer uses a scroll or a potion with a hostile monster in sight,
   its bonuses reset to +0.
   Unequipping it also resets its bonuses to +0.
   Int+7:     It affects your intelligence (+7).
   Slay+7:    It affects your accuracy & damage with ranged weapons and melee
   (+7).
   Clar:      It protects you from confusion, rage, mesmerisation and fear.
 P - a +0 troll leather armour
 T - a +0 troll leather armour
Magical Staves
 A - a staff of air
 D - a staff of air
Jewellery
 a - a +4 ring of slaying (left claw)
 h - an amulet of guardian spirit (around neck)
 k - a +5 ring of evasion
 m - a +5 ring of evasion
 r - a +6 ring of dexterity
 z - a ring of magical power
 E - a +4 ring of protection (right claw)
 L - a ring of positive energy
Talismans
 v - a maw talisman
Wands
 x - a wand of digging (2)
 F - a wand of polymorph (9)
 I - a wand of charming (26)
 J - a wand of roots (19)
 V - a wand of flame (9)
 X - a wand of acid (3)
Scrolls
 f - a scroll of enchant weapon {unknown}
 g - a scroll of teleportation {unknown}
 j - a scroll of immolation {unknown}
 U - a scroll of poison {unknown}
Potions
 b - 8 potions of curing {unknown}
 e - a potion of might {unknown}
 l - a potion of berserk rage {unknown}
 n - 2 potions of heal wounds {unknown}
 t - 2 potions of brilliance {unknown}
 u - 4 potions of mutation {unknown}
 w - a potion of attraction {unknown}
 G - 4 potions of magic {unknown}
 N - a potion of resistance {unknown}
 R - 3 potions of haste {unknown}
 W - a potion of enlightenment {unknown}
 Y - a potion of lignification {unknown}


   Skills:
 + Level 11.2 Fighting
 + Level 11.0 Dodging
 + Level 13.0 Unarmed Combat


You had 11 spell levels left.
You didn't know any spells.
Your spell library contained the following spells:

 Spells                   Type           Power      Damage    Failure   Level
 Magic Dart               Conj           0%         1d3       36%         1
 Blink                    Tloc           0%         N/A       50%         2
 Cigotuvi's Dreadful Rot  Necr/Alch/Air  0%         N/A       50%         2
 Lesser Beckoning         Tloc           0%         N/A       50%         2
 Momentum Strike          Conj/Tloc      0%         3d8       50%         2
 Searing Ray              Conj           0%         2d4       50%         2
 Dazzling Flash           Conj/Hex       0%         N/A       75%         3
 Gell's Gravitas          Tloc           0%         N/A       75%         3
 Mephitic Cloud           Conj/Alch/Air  0%         N/A       75%         3
 Teleport Other           Tloc           0%         N/A       75%         3
 Dispel Undead            Necr           0%         3d6       98%         4
 Fulminant Prism          Conj/Alch      0%         3d5       98%         4
 Martyr's Knell           Necr/Summ      0%         N/A       98%         4
 Curse of Agony           Necr           0%         N/A       100%        5
 Silence                  Hex/Air        0%         N/A       100%        5
 Dispersal                Tloc           0%         N/A       100%        6


Dungeon Overview and Level Annotations

Branches:
Dungeon (11/15)              Lair (2/5) D:11         Spider (2/4) Lair:2
 Temple: D:4-7        Swamp: Lair:2-3    Shoals: Lair:2-3       Orc: D:9-12

Altars:
Ashenzari
Elyvilon
Fedhas
Hepliaklqana
Makhleb
Nemelex Xobeh
Okawaru
Qazlal
Sif Muna
Uskayaw
Xom
Zin
The Shining One

Shops:
D:3 [   D:4 (   D:5 :


Innate Abilities, Weirdness & Mutations

You are too large for most types of armour.
You have claws for hands.
Your natural rate of healing is unusually fast.
You are covered in fur. (AC +1)
You have tough skin. (AC +1)


Message History

The jumping spider is moderately wounded.
The jumping spider pounces on you. The jumping spider closely misses you.
You mangle the jumping spider!!
You kill the jumping spider!
Trog accepts your kill. The jorogumo hits you.
You suddenly lose the ability to move!
The redback bites you but does no damage.
The jorogumo hits you!
You are poisoned.
You feel yourself slow down.
The redback bites you but does no damage.
The steelbarb worm hits you!
Barbed spikes become lodged in your body.
You feel yourself speed up.
You feel very sick.
A jumping spider comes into view.
The redback bites you!
You are more poisoned.
The redback poisons you! The steelbarb worm hits you!!
More barbed spikes become lodged in your body.
The jorogumo stares at you and mumbles some strange words.
The stream of webbing hits you but does no damage.
You are caught in a web!
The jumping spider pounces on you!
You are even more entangled.
The jumping spider bites you but does no damage.
The jorogumo hits you.
You feel yourself slow down. The redback bites you.
You are more poisoned.
The redback poisons you!
The jumping spider moves out of view.
* * * LOW HITPOINT WARNING * * *
You feel extremely sick. The steelbarb worm hits you!!
* * * LOW HITPOINT WARNING * * *
More barbed spikes become lodged in your body.
The jumping spider pounces on you but does no damage.
The jumping spider bites you.
* * * LOW HITPOINT WARNING * * *
A jumping spider comes into view.
The redback bites you but does no damage.
The jorogumo hits you!!
You die...

#^.. #...
... .. ##
##.#
#..##..#
#..#Hw.#
#^..s@H#
#^..#s^.#
..s.. #.###
^... #.#
^.^ ##.# #^
##.## #
#..###
##...######
##
##.....#.##
##.


You could see 2 jorogumos, a steelbarb worm, 2 jumping spiders and a redback.

Vanquished Creatures
  A catoblepas (Lair:1)
  2 hydras (Lair:2)
  2 boulder beetles
  4 two-headed ogres
  A demonic crawler (Spider:2)
  Amaemon (Lair:1)
  A manticore (D:11)
  A wolf spider (Spider:2)
  An orc knight (D:10)
  An ugly thing (D:11)
  A cyclops (D:11)
  A moth of wrath (Spider:1)
  4 elephants (Lair:2)
  A black mamba (Lair:1)
  An orange demon (Lair:1)
  3 cane toads (Lair:1)
  2 kobold demonologists (D:10)
  3 komodo dragons
  A tengu conjurer (D:9)
  2 rime drakes (Lair:1)
  4 trolls
  A blink frog (D:11)
  2 jumping spiders
  2 vampires
  4 wyverns
  22 yaks
  A shadow (D:10)
  A steam dragon (D:9)
  Menkaure (D:7)
  An acid dragon (D:10)
  9 water moccasins
  5 orc warriors
  A sky beast (D:8)
  A black bear (D:5)
  10 centaurs
  4 wolves (Lair:2)
  2 phantoms
  2 kobold brigands
  A gnoll sergeant (D:9)
  7 bullfrogs
  5 scorpions
  9 wights
  9 killer bees (D:9)
  3 bombardier beetles
  2 sleepcaps (D:7)
  A jelly (D:8)
  4 hounds
  5 orc priests
  A hell rat (D:11)
  2 iguanas
  12 orc wizards
  4 adders
  A river rat (D:11)
  A shadow imp (D:7)
  A white imp (D:7)
  2 ufetubi (D:5)
  2 dart slugs
  2 ribbon worms
  29 orcs
  8 ball pythons
  A bat (D:3)
  9 endoplasms
  4 giant cockroaches
  6 goblins
  2 hobgoblins
  5 jackals (D:1)
  2 quokkas
  7 kobolds
  3 rats
  A butterfly (Lair:2)
258 creatures vanquished.

Vanquished Creatures (collateral kills)
  3 yaks (Lair:2)
3 creatures vanquished.

Grand Total: 261 creatures vanquished

Notes
Turn   | Place    | Note
-------+----------+-------------------------------------------
     0 | D:1      | mmarios the Troll Berserker began the quest for the Orb.
     0 | D:1      | Reached XP level 1. HP: 22/22 MP: 0/0
   237 | D:1      | Reached XP level 2. HP: 29/29 MP: 1/1
   997 | D:2      | Reached XP level 3. HP: 34/36 MP: 0/2
  1179 | D:2      | Identified the +5 ring mail of a treasure trove {rF++ Str+4
                  | Stlth+}
  1484 | D:3      | Found a faded altar of an unknown god.
  1578 | D:3      | Found the +0 toga "Victory" {*Victory Clar}
  1638 | D:3      | Found Quse's Armour Shop.
  1738 | D:3      | Reached ** piety under Trog
  1776 | D:3      | Found a stormy altar of Qazlal.
  2021 | D:4      | Reached XP level 4. HP: 44/45 MP: 3/3
  2332 | D:4      | Reached skill level 4 in Unarmed Combat
  2341 | D:4      | Found Keta Fiz's Antique Weapon Boutique.
  2894 | D:4      | Found a sparkling altar of Nemelex Xobeh.
  2955 | D:5      | Entered Level 5 of the Dungeon
  3027 | D:5      | Found a glowing silver altar of Zin.
  3037 | D:5      | Found a shimmering blue altar of Sif Muna.
  3079 | D:5      | Found a shimmering altar of Xom.
  3097 | D:5      | Noticed a phantom
  3104 | D:5      | Killed a phantom
  3105 | D:5      | Reached XP level 5. HP: 49/53 MP: 4/4
  3154 | D:5      | Reached XP level 6. HP: 62/62 MP: 5/5
  3248 | D:5      | Reached skill level 5 in Unarmed Combat
  3248 | D:5      | Reached XP level 7. HP: 67/71 MP: 6/6
  3357 | D:5      | Found a white marble altar of Elyvilon.
  3669 | D:5      | Found Jyram's Tiny Tomes.
  3859 | D:6      | Reached skill level 5 in Fighting
  4375 | D:7      | Reached skill level 5 in Dodging
  4375 | D:7      | Reached skill level 6 in Unarmed Combat
  4375 | D:7      | Reached XP level 8. HP: 76/80 MP: 7/7
  4776 | D:7      | Noticed Menkaure
  4782 | D:7      | Killed Menkaure
  5380 | D:8      | Reached skill level 7 in Unarmed Combat
  5383 | D:8      | Reached *** piety under Trog
  5789 | D:8      | Reached XP level 9. HP: 89/89 MP: 8/8
  6006 | D:8      | Reached skill level 8 in Unarmed Combat
  6385 | D:9      | Noticed a two-headed ogre
  6391 | D:9      | Killed a two-headed ogre
  6392 | D:9      | Reached XP level 10. HP: 90/102 MP: 9/9
  6441 | D:9      | Reached skill level 9 in Unarmed Combat
  6448 | D:9      | Reached **** piety under Trog
  6593 | D:9      | Noticed a two-headed ogre
  6604 | D:9      | Killed a two-headed ogre
  6605 | D:9      | Noticed a two-headed ogre
  6617 | D:9      | Killed a two-headed ogre
  6634 | D:9      | Reached skill level 10 in Unarmed Combat
  7379 | D:10     | Entered Level 10 of the Dungeon
  7421 | D:10     | Found a glowing golden altar of the Shining One.
  7477 | D:10     | Reached XP level 11. HP: 113/113 MP: 10/10
  7623 | D:10     | Found a broken altar of Ashenzari.
  7729 | D:10     | Found a hide-covered altar of Uskayaw.
  7747 | D:10     | Found a burning altar of Makhleb.
  7749 | D:10     | Found a blossoming altar of Fedhas.
  7759 | D:10     | Found a hazy altar of Hepliaklqana.
  7762 | D:10     | Found an iron altar of Okawaru.
  7860 | D:10     | Noticed an orc knight
  7878 | D:10     | Killed an orc knight
  7949 | D:10     | Reached ***** piety under Trog
  8360 | D:11     | Noticed a white ugly thing
  8370 | D:11     | Killed a white ugly thing
  8449 | D:11     | Reached skill level 11 in Unarmed Combat
  8696 | D:11     | Found a staircase to the Lair.
  8696 | D:11     | Noticed a two-headed ogre
  8708 | D:11     | Killed a two-headed ogre
  8984 | Lair:1   | Entered Level 1 of the Lair of Beasts
  9118 | Lair:1   | Reached skill level 10 in Fighting
  9230 | Lair:1   | Reached XP level 12. HP: 126/126 MP: 11/11
  9236 | Lair:1   | Noticed a boulder beetle
  9261 | Lair:1   | Killed a boulder beetle
  9262 | Lair:1   | Reached skill level 10 in Dodging
  9333 | Lair:1   | Noticed Amaemon
  9345 | Lair:1   | Killed Amaemon
  9347 | Lair:1   | Reached skill level 12 in Unarmed Combat
  9612 | Lair:1   | Noticed a catoblepas
  9619 | Lair:1   | Killed a catoblepas
  9831 | Lair:2   | Noticed a six-headed hydra
  9839 | Lair:2   | Killed a ten-headed hydra
  9989 | Lair:2   | Found a hole to the Spider Nest.
 10044 | Lair:2   | Identified the +4 chain mail of Dithmenos's Hope {rPois
                  | MP+9}
 10050 | Lair:2   | Noticed a six-headed hydra
 10075 | Lair:2   | Killed an 11-headed hydra
 10080 | Lair:2   | Received a gift from Trog
 10150 | Spider:1 | Entered Level 1 of the Spider Nest
 10165 | Spider:1 | Noticed a boulder beetle
 10172 | Spider:1 | Killed a boulder beetle
 10264 | Spider:1 | You fall into a shaft and drop 1 floor!
 10282 | Spider:2 | Reached skill level 13 in Unarmed Combat
 10282 | Spider:2 | Noticed a demonic crawler
 10288 | Spider:2 | Killed a demonic crawler
 10346 | Spider:2 | Noticed a jorogumo
 10349 | Spider:2 | Noticed a jorogumo
 10354 | Spider:2 | Paralysed by a jorogumo for 3 turns
 10357 | Spider:2 | HP: 5/130 [jumping spider (3)]
 10357 | Spider:2 | Demolished by a jorogumo

Illustrated notes

Levels and vault maps discovered:
D:1:      dpeg_arrival_tiny_a, layout_loops_ring, hangedman_decor_peaks_small
D:2:      layout_loops_ring, minmay_misc_feat_tower, kennysheep_cross_room,
          hangedman_glass_teeth
D:3:      layout_basic, nicolae_overflow_crystal_walls,
          nicolae_ecumenical_oubliette, serial_shops, shop, roderic_lattice_a,
          minmay_surrounded
D:4:      layout_loops_corners, nicolae_overflow_hidden_temple, serial_shops,
          nicolae_shop_tiny_glass, minmay_misc_feat_encased
D:5:      wad_pebble_path, layout_loops_ring, mainiacjoe_overflow_chevrons,
          mainiacjoe_overflow_brackets,
          chequers_temple_overflow_statue_of_worship,
          nicolae_shop_i_like_small_books_too, nicolae_tricolors
D:6:      layout_gridville
D:7:      layout_basic, minmay_temple_entry_fiery, uniq_menkaure
D:8:      layout_basic, skrybe_limestone_x, minmay_orc_keep
D:9:      layout_long_grid, enter_bailey_5, grunt_ministairs_13, nzn_random_ring
D:10:     layout_loops_corners, ashenzari_altar_1, mainiacjoe_overflow_alcove_2,
          minitemple
D:11:     layout_basic, dpeg_lair_monsters
Lair:1:   layout_chaotic_city, grunt_megastairs_4, uniq_amaemon
Lair:2:   layout_cave_pods, dummy_spider_entry, special_room,
          serial_bayou_shore_b, infiniplex_staircase_pool, lemuel_fruit_fields
Spider:1: layout_spider_delve, nicolae_spider_not_touching_you
Spider:2: layout_spider_delve, nicolae_spider_world_wide_web

Skill      XL: |  1  2  3  4  5  6  7  8  9 10 11 12 |
---------------+-------------------------------------+-----
Fighting       | 3 4 5 6 7 8 10 11 | 11.2
Dodging        | 3 4 5 6 7 8 9 11 | 11.0
Unarmed Combat | 4 5 6 7 8 10 11 13 | 13.0

Action                     |  1- 3 |  4- 6 |  7- 9 | 10-12 || total
---------------------------+-------+-------+-------+-------++-------
  Melee: Unarmed           |    81 |    68 |   164 |   387 ||   700
         Punch             |       |     1 |     4 |    35 ||    40
 Invoke: Berserk           |       |       |     2 |     4 ||     6
         Trog's Hand       |       |       |       |     3 ||     3
         Brothers in Arms  |       |       |       |     1 ||     1
   Stab: Distracted        |       |       |       |     2 ||     2
 Armour: Animal skin       |    41 |       |       |       ||    41
         Robe              |    19 |    49 |   135 |   526 ||   729
  Dodge: Dodged            |    47 |    30 |   109 |   345 ||   531

Table legend: (Time is in decaauts)
 A = Elapsed time spent in this place.
 B = Non-inter-level travel time spent in this place.
 C = Inter-level travel time spent in this place.
 D = Time resting spent in this place.
 E = Time spent auto-exploring this place.
 F = Levels seen in this place.
 G = Mean time per level.
                   A        B        C        D        E       F      G
               +--------+--------+--------+--------+--------+-----+--------+
         Total |  10282 |  10164 |    118 |      0 |      0 |  15 |  685.5 |
       Dungeon |   8934 |   8818 |    116 |      0 |      0 |  11 |  812.2 |
          Lair |   1145 |   1145 |      0 |      0 |      0 |   2 |  572.5 |
   Spider Nest |    202 |    200 |      2 |      0 |      0 |   2 |  101.0 |
               +--------+--------+--------+--------+--------+-----+--------+

Top non-repeatable levels by time:
     D:9: 1066 daAuts
     D:4: 978 daAuts
     D:7: 963 daAuts
     D:8: 961 daAuts
    D:10: 842 daAuts
     D:5: 774 daAuts
     D:2: 768 daAuts
    D:11: 747 daAuts
     D:1: 698 daAuts
  Lair:1: 676 daAuts
     D:6: 630 daAuts
     D:3: 502 daAuts
  Lair:2: 469 daAuts
Spider:1: 112 daAuts
Spider:2: 90 daAuts
